AoeStats
← jimmythejalapeno

Arabia

506432003Analyzed
1v1 RM · 18d ago on Sep 13, 2026· 26m 51s· 2 players
Game mode
Random Map
Map size
Tiny (2 player)
Population
200
Speed
Normal
Resources
Standard
Victory
Conquest
Starting age
Dark Age
Ending age
Imperial Age
RankedLock teamsTeams togetherTeam positionsShared explorationLock speedFull tech treeHidden civsTurbo modeCheats
Victory
Defeat
🇲🇽 Tatars · Mexico
1334
+17
🇺🇸 Magyars · United States
1366
-17
KOBU ︻芫 ———
7:39 Loom
10:54 Feudal Age
17:34 Castle Age
15:49 Double-Bit Axe
17:17 Horse Collar
22:20 Wheelbarrow
22:02 Pikeman
22:50 Fletching
24:53 Scale Mail Armor
jimmythejalapeno
6:26 Loom
8:52 Feudal Age
12:30 Double-Bit Axe
19:16 Castle Age
17:37 Bloodlines
19:30 Light Cavalry
21:35 Fletching
21:53 Husbandry
23:44 Bodkin Arrow
25:16 Scale Barding Armor
26:32 Elite Skirmisher
Connection lost

Rejoining the realm…

Still unreachable

The connection could not be restored.

Session expired

The server has moved on; the page needs a fresh start.